 Dungeon Crawl Stone Soup version 0.17-a0-124-gc3c9679 (webtiles) character file.

18153 Kisielow the Severer (level 12, -3/115 HPs)
             Began as a Hill Orc Fighter on Mar 22, 2015.
             Was a High Priest of Okawaru.
             Slain by a 18-headed hydra (6 damage)
             ... on level 11 of the Dungeon.
             The game lasted 01:17:15 (14148 turns).

Kisielow the Severer (Hill Orc Fighter)            Turns: 14148, Time: 01:17:16

Health: -3/115     AC: 28    Str: 23    XL:     12   Next: 55%
Magic:  10/17      EV:  8    Int:  6    God:    Okawaru [*****.]
Gold:   1400       SH: 20    Dex: 13    Spells: 0 memorised, 11 levels left

rFire  + . .     SeeInvis .     a - +1 war axe
rCold  + + .     Clarity  .     E - +0 plate armour
rNeg   + . .     SustAb   .     G - +0 large shield
rPois  +         Gourm    +     (no helmet)
rElec  +         Spirit   .     (no cloak)
rCorr  +         Warding  .     o - +0 pair of gloves
rMut   .         Stasis   .     b - +2 pair of boots {Fly}
MR     .....                    u - amulet of the gourmand
Stlth  ..........               J - +5 ring of protection
                                v - ring of Gaecu {rElec rC+ rN+ Int-2}

@: lethally poisoned (-3 -> -3), resistant, heroism, finesse, flying, not
resistant to hostile enchantments, extremely unstealthy
A: rugged brown scales 1, agile 1, sense surroundings 1
a: Heroism, Finesse, Renounce Religion, Stop Flying


You were on level 11 of the Dungeon.
You worshipped Okawaru.
Okawaru was extremely pleased with you.
You were full.

You visited 3 branches of the dungeon, and saw 16 of its levels.

You collected 1400 gold pieces.

Inventory:

Hand weapons
 a - a +1 war axe (weapon)
Armour
 b - a +2 pair of boots of flying (worn)
 m - the +0 leather armour of the Cooper {MR+}
   (You found it on level 8 of the Dungeon)

   It affects your resistance to hostile enchantments.
 o - a +0 pair of gloves (worn)
 E - a +0 plate armour (worn)
 G - a +0 large shield (worn)
 H - the +0 cloak "Paudgh" {rElec rC+++ Str-4}
   (Okawaru gifted it to you on level 10 of the Dungeon)

   It affects your strength (-4).
   It renders you almost immune to cold.
   It insulates you from electricity.
Jewellery
 e - an uncursed ring of magical power
 l - an uncursed ring of poison resistance
 u - an amulet of the gourmand (around neck)
 v - the ring of Gaecu (left hand) {rElec rC+ rN+ Int-2}
   (You found it on level 5 of the Dungeon)

   [ring of positive energy]

   It affects your intelligence (-2).
   It protects you from cold.
   It insulates you from electricity.
   It protects you from negative energy.
 D - an uncursed ring of teleportation
 J - a +5 ring of protection (right hand)
 O - a +3 ring of intelligence
Magical devices
 f - a wand of draining (3)
 I - a wand of fireball (0)
 L - a wand of fire (0)
Scrolls
 c - 3 scrolls of enchant armour
 g - a scroll of enchant weapon
 h - a scroll of recharging
 j - 3 scrolls of remove curse
 n - 3 scrolls of teleportation
 s - 2 scrolls of amnesia
 B - 2 scrolls of magic mapping
 F - a scroll of identify
Potions
 q - 2 potions of brilliance
 x - 2 potions of ambrosia
 C - 2 potions of restore abilities
Books
 y - a book of Air

   Spells                             Type                      Level
   a - Shock                          Conjuration/Air              1
   b - Swiftness                      Charms/Air                   2
   c - Repel Missiles                 Charms/Air                   2
   d - Flight                         Charms/Air                   3
   e - Static Discharge               Conjuration/Air              3
   f - Lightning Bolt                 Conjuration/Air              5
 A - a book of Envenomations

   Spells                             Type                      Level
   a - Spider Form                    Transmutation/Poison         3
   b - Alistair's Intoxication        Transmutation/Poison         4
   c - Olgreb's Toxic Radiance        Poison                       4
   d - Poisonous Cloud                Conjuration/Poison/Air       6
 K - a book of Power

   Spells                             Type                      Level
   a - Fulminant Prism                Conjuration/Hexes            4
   b - Iskenderun's Mystic Blast      Conjuration                  4
   c - Venom Bolt                     Conjuration/Poison           5
   d - Bolt of Magma                  Conjuration/Fire/Earth       5
   e - Iron Shot                      Conjuration/Earth            6
   f - Orb of Destruction             Conjuration                  7
   g - Spellforged Servitor           Conjuration/Summoning        7
Comestibles
 d - 4 meat rations
 i - 3 chunks of flesh
 k - 4 fruits
 p - 2 beef jerkies
 r - 3 slices of pizza
 t - 4 bread rations
 w - a royal jelly


   Skills:
 * Level 12.0(17.0) Fighting
 * Level 15.5(20.5) Axes
 * Level 10.5(15.5) Armour
 - Level 10.0(15.0) Shields
 + Level 0.6 Invocations
 * Level 2.5 Evocations


You had 11 spell levels left.
You didn't know any spells.

Dungeon Overview and Level Annotations

Branches:
Dungeon (12/15)            Temple (1/1) D:6             Orc (3/4) D:10
   Lair: D:8-11         Elf: Orc:3-4

Altars:
Ashenzari
Cheibriados
Dithmenos
Elyvilon
Fedhas
Gozag
Kikubaaqudgha
Makhleb
Nemelex Xobeh
Okawaru
Qazlal
Ru
Sif Muna
Trog
Vehumet
Xom
Yredelemnul
Zin
The Shining One

Shops:
D:5 %   D:6 }   Orc:1 }%?}[

Annotations:
D:8 exclusion: oklob sapling
D:11 Nessos


Innate Abilities, Weirdness & Mutations

You are partially covered in rugged brown scales (AC +1, +3% HP).
You are agile. (Dex +2)
You passively map a small area around you.


Message History

You feel protected.
You feel sick.
Nessos unwields an uncursed longbow of flaming.
It stops flaming.
You block Nessos' attack. Nessos hits you!
* * * LOW HITPOINT WARNING * * *
You block the 18-headed hydra's attack.
The 18-headed hydra bites you but does no damage.
You block the 18-headed hydra's attack. The 18-headed hydra closely misses you.
The 18-headed hydra bites you but does no damage.
You block the 18-headed hydra's attack. The 18-headed hydra barely misses you.
You block the 18-headed hydra's attack. The 18-headed hydra bites you.
* * * LOW HITPOINT WARNING * * *
The 18-headed hydra closely misses you.
The 18-headed hydra bites you but does no damage. x2
You block the 18-headed hydra's attack. The 18-headed hydra barely misses you.
You block the 18-headed hydra's attack. The 18-headed hydra closely misses you.
The 18-headed hydra bites you!
* * * LOW HITPOINT WARNING * * *
The 18-headed hydra bites you.
You die...

##..>.....#*
#....###.....
#...## ###..
* , #...## )
#....# * * *
*###..## ,
##..## ##..##
* * ,, #.@.#
##Dc# , #.(#
, , #..# *
#..# #..# *
..?# , ....#
*....#


You could see Nessos and a 18-headed hydra.

Vanquished Creatures
  An unseen horror (D:10)
  2 hill giants (D:10)
  Erolcha (Orc:1)
  Pikel (D:4)
  An ugly thing (D:11)
  Joseph (D:7)
  Psyche (D:10)
  A queen bee (D:8)
  2 trolls
  2 wandering mushrooms (D:8)
  7 two-headed ogres
  17 yaks
  Eustachio (D:4)
  2 wyverns
  A steam dragon (D:10)
  4 hippogriffs
  4 wargs
  9 orc warriors
  21 ogres
  A wasp (D:8)
  7 centaurs
  An ice beast (D:6)
  3 sky beasts
  A black bear (D:9)
  2 necrophages
  3 phantoms
  2 crocodiles
  Sigmund (D:7)
  The ghost of Emanloe the Shield-Bearer, an average GrFi (D:3)
  Duvessa (D:7)
  4 giant frogs
  A big kobold (D:9)
  A wyvern skeleton (D:6)
  5 scorpions
  26 killer bees
  Dowan (D:7)
  2 giant frog zombies
  2 gnoll shamans
  A crimson imp (D:10)
  A centaur skeleton (D:9)
  17 orc priests
  A jelly (D:10)
  2 giant frog skeletons
  7 hounds
  9 worker ants
  4 iguanas
  Natasha (twice) (D:4)
  An iron imp (D:4)
  17 orc wizards
  A killer bee zombie (D:10)
  Ijyb (D:7)
  A hound skeleton (D:6)
  A mummy (D:10)
  8 adders
  17 gnolls
  2 worker ant zombies
  A giant mite (D:4)
  2 shadow imps
  A white imp (D:4)
  3 worms
  An adder skeleton (D:5)
  7 giant geckos
  An ooze (D:5)
  92 orcs
  A bat skeleton (D:6)
  2 giant cockroaches
  18 hobgoblins
  15 jackals
  18 kobolds
  5 quokkas
  3 ball pythons
  13 bats
  3 giant newts
  A giant spore (D:6)
  22 goblins
  A jackal zombie (D:7)
  A quokka skeleton (D:8)
  11 rats
  5 ballistomycetes
464 creatures vanquished.

Vanquished Creatures (others)
  A jelly (D:8)
  An iguana (D:8)
  An orc priest (D:6)
  An orc (D:6)
  Natasha (D:4)
  A hobgoblin (D:10)
  3 jackals (D:4)
  3 giant spores
  6 plants (D:8)
18 creatures vanquished.

Grand Total: 482 creatures vanquished

Notes
Turn   | Place    | Note
--------------------------------------------------------------
     0 | D:1      | Kisielow, the Hill Orc Fighter, began the quest for the Orb.
     0 | D:1      | Reached XP level 1. HP: 19/19 MP: 1/1
   101 | D:1      | Reached XP level 2. HP: 27/27 MP: 2/2
   227 | D:1      | Found a glowing golden altar of the Shining One.
   250 | D:1      | Reached skill level 4 in Fighting
   263 | D:1      | Reached XP level 3. HP: 26/33 MP: 3/3
   809 | D:2      | Found a stormy altar of Qazlal.
  1241 | D:2      | Reached XP level 4. HP: 40/40 MP: 4/4
  1281 | D:2      | Found an opulent altar of Gozag.
  1414 | D:3      | Noticed Emanloe's ghost (average GrFi)
  1532 | D:3      | Reached XP level 5. HP: 34/47 MP: 5/5
  1563 | D:4      | Noticed Eustachio
  1687 | D:2      | Found a burning altar of Makhleb.
  1719 | D:3      | Killed Emanloe's ghost
  2153 | D:3      | Upgraded the game from 0.17-a0-121-gf94917f to 0.17-a0-124-gc3c9679
  2219 | D:4      | Reached XP level 6. HP: 52/55 MP: 6/6
  2230 | D:4      | Killed Eustachio
  2230 | D:4      | Reached skill level 5 in Fighting
  2230 | D:4      | Reached skill level 5 in Axes
  2494 | D:4      | Reached skill level 5 in Armour
  2595 | D:5      | Entered Level 5 of the Dungeon
  2609 | D:4      | Reached XP level 7. HP: 61/61 MP: 7/7
  2837 | D:4      | Gained mutation: You are partially covered in rugged brown scales (AC +1, +3% HP). [potion of beneficial mutation]
  2902 | D:4      | Reached skill level 5 in Shields
  2915 | D:4      | Noticed a slave
  2916 | D:4      | Noticed a slave
  2917 | D:4      | Noticed a slave
  2918 | D:4      | Noticed Pikel
  2918 | D:4      | Noticed a slave
  2947 | D:4      | Killed Pikel
  2947 | D:4      | Reached skill level 6 in Fighting
  2947 | D:4      | Reached skill level 7 in Axes
  2947 | D:4      | Reached XP level 8. HP: 61/72 MP: 8/8
  3101 | D:4      | Noticed Natasha
  3111 | D:4      | Killed Natasha
  3154 | D:4      | Noticed Natasha
  3158 | D:4      | Killed Natasha
  3253 | D:4      | Killed Natasha
  3886 | D:5      | Got a slimy pewter ring
  3887 | D:5      | Identified the ring of Gaecu {rElec rC+ rN+ Int-2} (You found it on level 5 of the Dungeon)
  3999 | D:5      | Reached skill level 8 in Axes
  4218 | D:5      | Found Giph's Food Shop.
  4518 | D:5      | Reached XP level 9. HP: 23/81 MP: 9/9
  4973 | D:6      | Found a staircase to the Ecumenical Temple.
  5046 | Temple   | Entered the Ecumenical Temple
  5188 | Temple   | Became a worshipper of Warmaster Okawaru
  5245 | D:6      | Reached skill level 9 in Axes
  5354 | D:6      | Found Ofucau's Quality Used Wands.
  5670 | D:6      | Acquired Okawaru's first power
  5686 | D:7      | Noticed Joseph
  5712 | D:7      | Killed Joseph
  5783 | D:7      | Noticed Duvessa
  5785 | D:7      | Noticed Dowan
  5803 | D:7      | Killed Duvessa
  5825 | D:7      | Killed Dowan
  5918 | D:7      | Noticed Sigmund
  5928 | D:7      | Reached skill level 10 in Axes
  5929 | D:7      | Killed Sigmund
  5986 | D:7      | Noticed Ijyb
  5995 | D:7      | Killed Ijyb
  6340 | D:8      | Got a distressingly furry leather armour
  6351 | D:8      | Identified the +0 leather armour of the Cooper {MR+} (You found it on level 8 of the Dungeon)
  6418 | D:7      | Reached XP level 10. HP: 92/92 MP: 10/10
  6904 | D:8      | Reached skill level 11 in Axes
  8398 | D:8      | Noticed a wandering mushroom
  8403 | D:8      | Killed a wandering mushroom
  8408 | D:8      | Noticed a wandering mushroom
  8421 | D:8      | Killed a wandering mushroom
  8424 | D:8      | Found a blossoming altar of Fedhas.
  8424 | D:8      | Noticed a wandering mushroom
  8424 | D:8      | Noticed a wandering mushroom
  8551 | D:9      | Reached skill level 12 in Axes
  8737 | D:9      | Reached XP level 11. HP: 101/101 MP: 11/11
  8787 | D:10     | Entered Level 10 of the Dungeon
  8979 | D:9      | Gained mutation: You are agile. (Dex +2) [mutagenic meat]
  8980 | D:9      | Gained mutation: You passively map a small area around you. [mutagenic meat]
  9105 | D:9      | Reached skill level 10 in Fighting
  9531 | D:9      | Reached skill level 13 in Axes
  9566 | D:10     | Noticed Psyche
  9595 | D:10     | Killed Psyche
 10063 | D:10     | Acquired Okawaru's second power
 10256 | D:10     | Found a shadowy altar of Dithmenos.
 10321 | D:10     | Found a staircase to the Orcish Mines.
 10362 | D:10     | Noticed a hill giant
 10388 | D:10     | Killed a hill giant
 10397 | D:10     | Received a gift from Okawaru
 10399 | D:10     | Got a bloodstained cloak {god gift}
 10405 | D:10     | Identified the +0 cloak "Paudgh" {rElec rC+++ Str-4} (Okawaru gifted it to you on level 10 of the Dungeon)
 10407 | D:10     | Killed an unseen horror
 10780 | D:10     | Noticed a hill giant
 10796 | D:10     | Killed a hill giant
 10796 | D:10     | Reached skill level 14 in Axes
 10796 | D:10     | Reached skill level 10 in Shields
 11153 | D:10     | Reached skill level 10 in Armour
 11393 | Orc:1    | Entered Level 1 of the Orcish Mines
 11411 | Orc:1    | Found Iliobbaiqi's Magic Scroll Shoppe.
 11499 | Orc:1    | Found Umadaless' Gadget Emporium.
 11614 | Orc:2    | Reached skill level 1 in Evocations
 11728 | Orc:1    | Found Utaud's Food Shop.
 11921 | Orc:2    | Reached XP level 12. HP: 103/113 MP: 14/14
 11973 | Orc:2    | Found a bloodstained altar of Trog.
 12045 | Orc:2    | Found an iron altar of Okawaru.
 12434 | Orc:1    | HP: 2/113 [orc warrior/halberd (10)]
 12788 | Orc:1    | Found Wiem's Gadget Shop.
 12792 | Orc:1    | Found Klirch's Antique Armour Boutique.
 12923 | Orc:1    | Reached skill level 15 in Axes
 12940 | Orc:1    | Noticed Erolcha
 12997 | Orc:1    | Killed Erolcha
 14123 | D:11     | Noticed Nessos
 14124 | D:11     | Noticed a seven-headed hydra
 14148 | D:11     | HP: 3/115 [18-headed hydra (9)]
 14148 | D:11     | Slain by a 18-headed hydra

Action                   |  1- 3 |  4- 6 |  7- 9 | 10-12 || total
-------------------------+-------+-------+-------+-------++-------
Melee: War axe           |   142 |   110 |   428 |  1239 ||  1919
Invok: Heroism           |       |       |       |     2 ||     2
       Finesse           |       |       |       |     1 ||     1
Evoke: Wand              |       |       |     2 |     5 ||     7
  Use: Scroll            |       |     9 |     7 |     8 ||    24
       Potion            |       |     2 |     3 |    10 ||    15
  Eat: Chunk             |     1 |    21 |    13 |    27 ||    62
